 Dungeon Crawl Stone Soup version 0.31-a0-1327-g8c40ea976f (webtiles) character file.

Game seed: 5695600419445624532

5751 Descartes the Earth Mage (level 11, -6/67 (68) HPs)
             Began as a Formicid Earth Elementalist on Dec 21, 2023.
             Was an Initiate of Gozag.
             Shot with a sling bullet by Joseph (12 damage)
             ... on level 9 of the Dungeon.
             The game lasted 00:22:33 (10691 turns).

Descartes the Earth Mage (FoEE)                    Turns: 10691, Time: 00:22:34

HP:   -6/67 (68)    AC:  5    Str: 16    XL:     11   Next: 5%
MP:   15/21         EV: 11    Int: 16    God:    Gozag
Gold: 673           SH:  0    Dex: 14    Spells: 20/24 levels left

rFire   . . .        d - +2 broad axe (pain)
rCold   . . .        (no shield)
rNeg    . . .        u - +0 leather armour {Will+}
rPois   +            (helmet unavailable)
rElec   .            I - +0 cloak
rCorr   +            (no gloves)
SInv    +            r - +0 pair of boots
Will    ++...        (no amulet)
Stlth   ++           q - ring of resist corrosion
HPRegen 0.31/turn    J - ring of poison resistance
MPRegen 0.17/turn

%: no passive effects
@: lightly drained
A: permanent stasis, dig shafts and tunnels, antennae 3, four strong arms
a: Dig, Shaft Self, Renounce Religion, Potion Petition, Call Merchant, Bribe
Branch


You were on level 9 of the Dungeon.
You worshipped Gozag.
Gozag was pleased with you.
You visited 2 branches of the dungeon, and saw 10 of its levels.
You also visited: Ossuary.

You collected 1168 gold pieces.
You spent 451 gold pieces at shops.
You paid 44 gold pieces to Gozag.

Inventory:

Hand Weapons
 d - a +2 broad axe of pain (weapon)
 H - a +2 quarterstaff of chaos
Missiles
 a - 6 boomerangs
 s - 28 poisoned darts
Armour
 l - +2 swamp dragon scales
 r - a +0 pair of boots (worn)
 u - a +0 leather armour of willpower (worn)
 y - the +0 chain mail of Juats {rPois Int-5 Slay+2}
   (You found it on level 5 of the Dungeon)

   Int-5:     It affects your intelligence (-5).
   Slay+2:    It affects your accuracy & damage with ranged weapons and melee
   (+2).
   rPois:     It protects you from poison
 I - a +0 cloak (worn)
Magical Staves
 F - a staff of earth
Jewellery
 q - a ring of resist corrosion (left hand)
 J - a ring of poison resistance (right hand)
Wands
 o - a wand of paralysis (17)
 w - a wand of flame (32)
 E - a wand of iceblast (8)
Scrolls
 f - a scroll of noise
 h - 3 scrolls of poison
 i - 3 scrolls of immolation
 k - 2 scrolls of fog
 n - a scroll of fear
 p - 4 scrolls of brand weapon
 x - a scroll of vulnerability
 z - 2 scrolls of silence
 A - 3 scrolls of revelation
 C - 2 scrolls of enchant weapon
Potions
 b - a potion of magic
 c - 3 potions of haste {unknown}
 e - 9 potions of curing
 g - 2 potions of mutation {unknown}
 j - 3 potions of lignification
 v - a potion of berserk rage {unknown}
 B - 2 potions of invisibility {unknown}
 D - 2 potions of brilliance {unknown}
 G - a potion of resistance {unknown}
 K - a potion of degeneration {unknown}
 L - a potion of attraction {unknown}


   Skills:
 - Level 1.7 Dodging
 - Level 2.4 Stealth
 + Level 7.2 Spellcasting
 + Level 4.4 Conjurations
 + Level 17.9 Earth Magic
 - Level 2.0 Alchemy


You had 20 spell levels left.
You knew the following spells:

 Your Spells              Type           Power      Damage    Failure   Level
a - Sandblast             Erth           100%       2d20      0%          1
b - Stone Arrow           Conj/Erth      82%        3d12      1%          3

Your spell library contained the following spells:

 Spells                   Type           Power      Damage    Failure   Level
 Passwall                 Alch/Erth      30%        N/A       1%          2
 Brom's Barrelling Bould  Conj/Erth      41%        2d6       1%          4
 Petrify                  Alch/Erth      37%        N/A       2%          4
 Call Canine Familiar     Summ           5%         N/A       41%         3
 Sigil of Binding         Hex            5%         N/A       41%         3
 Ignite Poison            Fire/Alch      9%         N/A       69%         4
 Sticky Flame             Fire/Alch      9%         2d5       69%         4
 Dimensional Bullseye     Hex/Tloc       2%         N/A       83%         4
 Ignition                 Fire           2%         3d3       100%        8


Dungeon Overview and Level Annotations

Branches:
Dungeon (9/15)             Temple (1/1) D:5         Ossuary (visited)
   Lair: D:8-11         Orc: D:9-12

Altars:
Ashenzari
Cheibriados
Dithmenos
Elyvilon
Fedhas
Gozag
Makhleb
Nemelex Xobeh
Okawaru
Qazlal
Ru
Sif Muna
Trog
Uskayaw
Vehumet
Wu Jian
Xom
Yredelemnul
Zin
The Shining One

Shops:
D:1 [   D:3 *   D:6 *

Annotations:
D:9 Joseph


Innate Abilities, Weirdness & Mutations

You cannot be hasted, slowed, berserked, paralysed or teleported.
You can dig through walls and to a lower floor.
You have a pair of large antennae on your head. (SInv)
Your four strong arms can wield two-handed weapons with a shield.


Message History

You sense a monster nearby.
You sense a monster nearby.
Joseph, a Mercenary comes into view.
He is wielding a +3 spectral quarterstaff.
Joseph shouts!
You hear a shout!
Casting: Sandblast (safe; 0% risk of failure)
Confirm with . or Enter, or press ? or * to list all spells.
Aiming: Stone Arrow (safe; 1% risk of failure)
Press: ? - help, Shift-Dir - straight line, f - Joseph
Aim: Joseph, wielding a +3 spectral quarterstaff and wearing a +0 ring mail (79% to hit)
The stone arrow hits Joseph!
Joseph is lightly wounded.
Joseph barely misses you.
The +3 spectral quarterstaff barely misses you.
A +3 spectral quarterstaff comes into view.
Casting: Stone Arrow (safe; 1% risk of failure)
Confirm with . or Enter, or press ? or * to list all spells.
Aiming: Stone Arrow (safe; 1% risk of failure)
Press: ? - help, Shift-Dir - straight line, f/p - Joseph
Aim: Joseph, wielding a +3 spectral quarterstaff and wearing a +0 ring mail (lightly wounded, 79% to hit)
The stone arrow hits Joseph!!
Joseph is heavily wounded.
The +3 spectral quarterstaff hits you!!
Joseph hits you with a +3 spectral quarterstaff!
The +3 spectral quarterstaff misses you.
The +3 spectral quarterstaff hits you!
* * * LOW HITPOINT WARNING * * *
Unknown command.
Joseph barely misses you. The +3 spectral quarterstaff hits you!
* * * LOW HITPOINT WARNING * * *
The +3 spectral quarterstaff hits you.
* * * LOW HITPOINT WARNING * * *
Joseph unwields a +3 spectral quarterstaff.
The +3 spectral quarterstaff disappears.
Joseph wields a +3 sling.
Joseph shoots a sling bullet.
The sling bullet hits you.
* * * LOW HITPOINT WARNING * * *
You hear a shout!
Joseph shoots a sling bullet.
The sling bullet hits you!
You die...
Your body crumbles into a pile of gold.

#..#.#.#.# ..
#......#.#
#..##.##.# #
#........#
#.#.###<####
#..###.#
#......#
#...#.#######
#.{ #@......#
#.. #.#####.#
#...#.# {
#...@.# {
#.......# {
..........# {
#####.....#
#.....#
#.....#


You could see Joseph.

Vanquished Creatures
  A two-headed ogre (D:8)
  Maggie (D:7)
  A vampire (D:6)
  Eustachio (D:4)
  Menkaure (D:6)
  2 steam dragons (D:8)
  An acid dragon (D:7)
  A water moccasin (D:7)
  3 ice beasts
  4 centaurs
  A kobold brigand (D:7)
  2 phantoms
  A bullfrog (D:8)
  5 scorpions
  4 water moccasin zombies (Ossuary)
  6 wights
  6 killer bees (D:7)
  A howler monkey (D:5)
  2 jellies (D:5)
  A gnoll bouda (D:5)
  3 orc priests
  Crazy Yiuf (D:6)
  3 hounds
  Jessica (D:2)
  An iguana (D:5)
  7 orc wizards
  3 crocodile zombies (Ossuary)
  3 mummies
  13 gnolls
  5 adders
  3 white imps
  2 adder zombies (Ossuary)
  3 dart slugs
  17 orcs
  5 ball pythons
  2 endoplasms
  5 giant cockroaches
  3 gnoll zombies (Ossuary)
  6 goblins
  6 hobgoblins
  4 jackals (D:2)
  4 quokkas
  4 bats
  5 frilled lizards
  5 hobgoblin zombies (Ossuary)
  9 kobolds
  7 kobold zombies (Ossuary)
  5 orc zombies (Ossuary)
  4 rats
184 creatures vanquished.

Notes
Turn   | Place    | Note
-------+----------+-------------------------------------------
     0 | D:1      | Descartes the Formicid Earth Elementalist began the quest
                  | for the Orb.
     0 | D:1      | Reached XP level 1. HP: 13/13 MP: 3/3
    15 | D:1      | Found Gepluhiph's Armour Shop.
   136 | D:1      | Reached skill level 4 in Earth Magic
   176 | D:1      | Reached XP level 2. HP: 19/19 MP: 1/5
   979 | D:1      | Reached XP level 3. HP: 24/24 MP: 3/6
  1294 | D:2      | Reached skill level 5 in Earth Magic
  1630 | D:1      | Reached XP level 4. HP: 4/30 MP: 2/7
  1789 | D:2      | Noticed Jessica
  1792 | D:2      | Killed Jessica
  1793 | D:2      | Reached skill level 6 in Earth Magic
  1899 | D:2      | Reached XP level 5. HP: 35/35 MP: 5/8
  2225 | D:3      | Found Xeschim's Assorted Antiques.
  2655 | D:3      | Reached skill level 7 in Earth Magic
  3152 | D:4      | Noticed Eustachio
  3238 | D:4      | Killed Eustachio
  3239 | D:4      | Reached XP level 6. HP: 39/41 MP: 6/11
  3612 | D:4      | Reached XP level 7. HP: 44/46 MP: 9/13
  4146 | D:5      | Entered Level 5 of the Dungeon
  4336 | D:5      | Reached skill level 8 in Earth Magic
  4528 | D:5      | Reached skill level 5 in Spellcasting
  4533 | D:5      | Reached skill level 9 in Earth Magic
  4533 | D:5      | Reached XP level 8. HP: 52/52 MP: 9/15
  4582 | D:5      | Found a staircase to the Ecumenical Temple.
  4589 | Temple   | Entered the Ecumenical Temple
  4608 | Temple   | Became a worshipper of Gozag Ym Sagoz the Greedy
  4684 | D:5      | Identified the +0 chain mail of Juats {rPois Int-5 Slay+2}
  5473 | D:5      | Reached skill level 10 in Earth Magic
  5477 | D:5      | Learned a level 3 spell: Stone Arrow
  5666 | D:5      | Reached skill level 1 in Conjurations
  5825 | D:6      | Reached skill level 17 in Earth Magic
  5825 | D:6      | Reached XP level 9. HP: 57/57 MP: 14/17
  5850 | D:6      | Found Ibirebock's Neck Hole.
  5904 | D:6      | Found a sand-covered staircase.
  5935 | Ossuary  | Entered an ossuary
  7084 | Ossuary  | Reached XP level 10. HP: 63/63 MP: 14/18
  7702 | D:6      | Noticed Menkaure
  7705 | D:6      | Killed Menkaure
  7817 | D:6      | Found a runed translucent door.
  7818 | D:6      | Noticed Crazy Yiuf
  8093 | D:6      | Killed Crazy Yiuf
  8212 | D:3      | Bought a scroll of revelation for 165 gold pieces
  8212 | D:3      | Bought a wand of paralysis (5) for 264 gold pieces
  8212 | D:3      | Bought a scroll labelled RULIR YKKYISYZEA for 22 gold
                  | pieces
  8635 | D:7      | Noticed Maggie
  8645 | D:7      | Killed Maggie
 10206 | D:8      | Noticed a two-headed ogre
 10211 | D:8      | Killed a two-headed ogre
 10212 | D:8      | Reached XP level 11. HP: 68/68 MP: 8/21
 10686 | D:9      | Noticed Joseph
 10691 | D:9      | Shot with a sling bullet by Joseph

Illustrated notes

Levels and vault maps discovered:
D:1:      dpeg_arrival_connections, layout_loops_corners, serial_shops,
          nicolae_shop_advertising_works [nicolae_subvault_shop_adworks],
          grunt_decor_clamped, hangedman_abyss_or_decor_stabs
D:2:      layout_rooms, nicolae_concentric_dashed_squares_mild,
          nicolae_houndstooth_variations, uniq_jessica
D:3:      layout_loops_ring, serial_glass, glass_columns_a, glass_columns_a,
          feat_on_display, serial_shops, shop, nicolae_underground_beach
D:4:      layout_loops_ring, dk_noncrumbling_3, uniq_eustachio
D:5:      layout_basic, minmay_temple_entry_offerings, st_stairs_8,
          minmay_quadrilaterals
D:6:      layout_rooms, gup_ossuary_entry_pyramid,
          nicolae_shop_sticking_my_neck_out, uniq_crazy_yiuf_cottage,
          uniq_menkaure
D:7:      layout_loops_ring, uniq_maggie
D:8:      layout_cave_pools
D:9:      minmay_distorted_concentric_squares, layout_loops_cross,
          jmf_multi_god_temple2, uniq_joseph
Temple:   nicolae_temple_slightly_damp_pantheon

Skill      XL: |  1  2  3  4  5  6  7  8  9 10 |
---------------+-------------------------------+-----
Earth Magic    | 4 5 6 7 9 17 | 17.9
Spellcasting   | 3 4 5 7 |  7.2
Alchemy        | 2 |  2.0
Conjurations   | 1 2 4 |  4.4
Dodging        | |  1.7
Stealth        | |  2.4

Action                     |  1- 3 |  4- 6 |  7- 9 | 10-12 || total
---------------------------+-------+-------+-------+-------++-------
  Melee: Spear             |    10 |       |       |       ||    10
         Rapier            |       |     1 |       |       ||     1
         Broad axe         |       |       |       |     2 ||     2
   Cast: Sandblast         |    48 |    66 |    91 |    26 ||   231
         Stone Arrow       |       |       |    49 |    70 ||   119
Ability: Dig               |       |     1 |       |     5 ||     6
    Use: Scroll            |       |       |    10 |     5 ||    15
         Potion            |       |       |     1 |     2 ||     3
 Armour: Robe              |    18 |       |       |       ||    18
         Ring mail         |       |    10 |       |       ||    10
         Leather armour    |       |     5 |    44 |    43 ||    92
  Dodge: Dodged            |    19 |    20 |    29 |    24 ||    92

Table legend: (Time is in decaauts)
 A = Elapsed time spent in this place.
 B = Non-inter-level travel time spent in this place.
 C = Inter-level travel time spent in this place.
 D = Time resting spent in this place.
 E = Time spent auto-exploring this place.
 F = Levels seen in this place.
 G = Mean time per level.
                   A        B        C        D        E       F      G
               +--------+--------+--------+--------+--------+-----+--------+
         Total |  10809 |  10368 |    441 |    100 |   8831 |  11 |  982.6 |
       Dungeon |   9434 |   9029 |    405 |      0 |   7808 |   9 | 1048.2 |
        Temple |     38 |      2 |     36 |      0 |      0 |   1 |   38.0 |
       Ossuary |   1336 |   1336 |      0 |    100 |   1023 |   1 | 1336.0 |
               +--------+--------+--------+--------+--------+-----+--------+

Top non-repeatable levels by time:
     D:5: 1521 daAuts
     D:1: 1431 daAuts
     D:7: 1410 daAuts
 Ossuary: 1336 daAuts
     D:3: 1178 daAuts
     D:4: 1171 daAuts
     D:6: 1045 daAuts
     D:8: 775 daAuts
     D:2: 684 daAuts
     D:9: 215 daAuts
  Temple: 38 daAuts
